 Dungeon Crawl Stone Soup version 0.28.0-53-g5a82cb258f (webtiles) character file.

Game seed: 3673064144125837289

54576 DemonSlayer the Thaumaturge (level 14, -17/94 HPs)
             Began as a Demonspawn Fire Elementalist on Aug 9, 2022.
             Was the Champion of Cheibriados.
             Engulfed by their own flame (22 damage)
             ... on level 13 of the Dungeon.
             The game lasted 01:34:36 (34704 turns).

DemonSlayer the Thaumaturge (DsFE)                 Turns: 34704, Time: 01:34:37

Health: -17/94     AC:  7    Str: 28    XL:     14   Next: 35%
Magic:  10/32      EV: 18    Int: 42    God:    Cheibriados [******]
Gold:   784        SH:  0    Dex: 30    Spells: 4/41 levels left

rFire   . . .      SeeInvis +   p - +7 dagger of Fuasolant {vamp, rN+ Int+2}
rCold   + + +      Faith    .   (no shield)
rNeg    + + .      Spirit   .   G - +4 skin of Zhor {*Englaciate rC+++ SInv}
rPois   +          Reflect  .   s - -2 hat of the Alchemist {rElec rPois rF+ rC+ rN+ Will+ rMut rCorr}
rElec   +          Harm     .   r - +0 cloak
rCorr   +          Rampage  .   h - +0 pair of gloves
rMut    +                       k - +0 pair of boots
Will    +++..                   J - amulet of Xoneux {Acrobat rF- Will+ Regen+ Str+5 SInv}
Stlth   ++++......              v - ring of resist corrosion
HPRegen 1.05/turn               u - ring of protection from cold
MPRegen 0.23/turn

@: liquefying, slowed movement, very slow
A: antennae 2, demonic guardian 2, icemail 1, big brain 2, condensation shield
a: Renounce Religion, Bend Time, Temporal Distortion, Slouch, Step From Time


You were on level 13 of the Dungeon.
You worshipped Cheibriados.
Cheibriados was exalted by your worship.
You visited 4 branches of the dungeon, and saw 22 of its levels.
You also visited: Sewer.

You collected 1825 gold pieces.
You spent 1041 gold pieces at shops.

Inventory:

Hand Weapons
 p - the +7 dagger of Fuasolant (weapon) {vamp, rN+ Int+2}
   (You found it on level 2 of the Dungeon)

   It occasionally heals its wielder for a portion of the damage dealt when it
   wounds a living foe.
   Int:       It affects your intelligence (+2).
   rN:        It protects you from negative energy.
 y - a +8 falchion of freezing
Missiles
 c - 154 sling bullets
 I - 5 throwing nets
Armour
 h - a +0 pair of gloves (worn)
 k - a +0 pair of boots (worn)
 r - a +0 cloak (worn)
 s - the -2 hat of the Alchemist (worn) {rElec rPois rF+ rC+ rN+ Will+ rMut rCorr}
   (You found it on level 2 of the Dungeon)

   rF:        It protects you from fire.
   rC:        It protects you from cold.
   rElec:     It insulates you from electricity.
   rPois:     It protects you from poison.
   rN:        It protects you from negative energy.
   rCorr:     It protects you from acid and corrosion.
   rMut:      It protects you from mutation.
   Will:      It increases your willpower.
 G - the +4 skin of Zhor (worn) {*Englaciate rC+++ SInv}
   (You found it on level 8 of the Dungeon)

   It radiates cold, occasionally slowing all nearby creatures who are not
   resistant to cold.
   rC:        It renders you almost immune to cold.
   SInv:      It lets you see invisible.
Jewellery
 o - a ring of flight
 u - a ring of protection from cold (right hand)
 v - a ring of resist corrosion (left hand)
 C - a ring of positive energy
 J - the amulet of Xoneux (around neck) {Acrobat rF- Will+ Regen+ Str+5 SInv}
   (You bought it in a shop on level 2 of the Dungeon)

   [amulet of the acrobat]

   It increases your evasion while moving and waiting.
   Str:       It affects your strength (+5).
   rF:        It makes you vulnerable to fire.
   SInv:      It lets you see invisible.
   Regen:     It increases your rate of health regeneration.
   Will:      It increases your willpower.
Wands
 g - a wand of digging (7)
 w - a wand of acid (10)
 x - a wand of flame (42)
 F - a wand of iceblast (14)
Scrolls
 a - 3 scrolls of blinking
 l - 9 scrolls of teleportation
 z - 4 scrolls of enchant armour
 A - a scroll of fog
 B - a scroll of fear
 H - 4 scrolls of amnesia
Potions
 b - 2 potions of cancellation {unknown}
 d - 2 potions of lignification {unknown}
 e - 4 potions of mutation
 f - 4 potions of curing
 i - a potion of brilliance {unknown}
 m - a potion of experience {unknown}
 n - 3 potions of might {unknown}
 q - a potion of ambrosia
 t - 3 potions of resistance
 E - 2 potions of attraction
 N - a potion of magic {unknown}
Miscellaneous
 j - a lightning rod (4/4)
 K - a box of beasts


   Skills:
 + Level 3.9 Fighting
 + Level 4.5(4.6) Short Blades
 + Level 0.8(2.9) Long Blades
 + Level 1.7 Throwing
 + Level 2.2 Armour
 + Level 5.8 Dodging
 + Level 5.8 Stealth
 + Level 4.1 Shields
 + Level 0.1 Unarmed Combat
 + Level 14.0 Spellcasting
 + Level 8.4 Conjurations
 + Level 3.3 Hexes
 + Level 2.3 Summonings
 + Level 1.7 Necromancy
 + Level 11.3 Fire Magic
 + Level 2.4 Air Magic
 + Level 5.7 Earth Magic
 + Level 0.6 Invocations
 + Level 1.1 Evocations


You had 4 spell levels left.
You knew the following spells:

 Your Spells              Type           Power      Damage    Failure   Level
a - Foxfire               Conj/Fire      100%       2x1d9     1%          1
b - Scorch                Fire           100%       2d10      0%          2
c - Conjure Flame         Conj/Fire      85%        6-21      1%          3
d - Flame Wave            Conj/Fire      85%        2d15      1%          4
e - Ensorcelled Hibernat  Hex/Ice        86%        N/A       1%          2
f - Fulminant Prism       Conj/Hex       34%        3d16      1%          4
g - Airstrike             Air            25%        N/A       3%          4
h - Leda's Liquefaction   Hex/Erth       30%        N/A       1%          4
i - Summon Guardian Gole  Hex/Summ       52%        N/A       1%          3
j - Call Canine Familiar  Summ           49%        N/A       1%          3
k - Stone Arrow           Conj/Erth      100%       3d13      1%          3
l - Anguish               Hex/Necr       25%        N/A       3%          4

Your spell library contained the following spells:

 Spells                   Type           Power      Damage    Failure   Level
 Freeze                   Ice            100%       1d11      1%          1
 Sandblast                Erth           100%       2d20      1%          1
 Shock                    Conj/Air       100%       1d9       1%          1
 Sting                    Tmut/Pois      100%       1d8       1%          1
 Summon Small Mammal      Summ           100%       N/A       1%          1
 Passwall                 Tmut/Erth      43%        N/A       1%          2
 Inner Flame              Hex/Fire       74%        N/A       1%          3
 Portal Projectile        Hex/Tloc       86%        N/A       1%          3
 Swiftness                Air            50%        N/A       1%          3
 Hailstorm                Conj/Ice       60%        3d13      1%          4
 Cause Fear               Hex            27%        N/A       2%          4
 Frozen Ramparts          Ice            58%        1d7       3%          3
 Spider Form              Tmut/Pois      29%        N/A       3%          3
 Petrify                  Tmut/Erth      52%        N/A       3%          4
 Lee's Rapid Deconstruct  Erth           33%        3d18*     2%          5
 Conjure Ball Lightning   Conj/Air       33%        3x3d11    17%         6
 Spellforged Servitor     Conj/Summ      33%        N/A       67%         7
 Discord                  Hex            27%        N/A       100%        8


Dungeon Overview and Level Annotations

Branches:
Dungeon (13/15)            Temple (1/1) D:4            Lair (6/6) D:9
  Swamp (0/4) Lair:3        Snake (0/4) Lair:2        Slime (0/5) Lair:5
    Orc (2/2) D:10            Elf (0/3) Orc:2         Sewer (visited)
 Vaults: D:13-14

Altars:
Ashenzari
Cheibriados
Dithmenos
Elyvilon
Gozag
Hepliaklqana
Kikubaaqudgha
Nemelex Xobeh
Okawaru
Qazlal
Ru
Sif Muna
Trog
Vehumet
Wu Jian
Xom
Yredelemnul
The Shining One

Shops:
D:2 =   Orc:1 *(?   Orc:2 (::*

Portals:
Abyss: D:9

Annotations:
D:9 2 transporters, ratmagoo's ghost, journeyman GrEE
D:13 1 runed translucent door, Azrael; Poefus's ghost, journeyman OgCj


Innate Abilities, Weirdness & Mutations

You have a pair of antennae on your head.
A demonic guardian rushes to your aid.
A meltable icy envelope protects you from harm. (AC +0)
You have an extremely huge brain. (Int +4)
A meltable shield of frost defends you. (SH +0)


Message History

Aiming: Fulminant Prism (mildly dangerous; 1% risk of failure)
Press: ? - help, Q - select action, (/) - cycle Dir - move target You conjure a prism of explosive energy!
A fulminant prism comes into view.
The hell hound is no longer moving slowly.
The cyclops is no longer moving slowly.
The fire elemental hits your guardian golem.
The fire elemental burns your guardian golem!
Your guardian golem resists.
The fire elemental becomes momentarily stuck in the liquid earth.
The hell hound bites your guardian golem.
Your guardian golem overheats!
Flames lash the hell hound.
The hell hound completely resists.
The fire elemental is no longer moving slowly.
Azrael gestures at you.
The bolt of fire hits your fulminant prism!
Your fulminant prism resists.
The bolt of fire hits the hell hound.
The hell hound completely resists.
The bolt of fire hits you!! Flame seeps out of your guardian golem.
The fire elemental hits your guardian golem.
The fire elemental burns your guardian golem!
Your guardian golem resists.
Your guardian golem disappears in a puff of smoke!
Your guardian golem explodes!
The fiery explosion engulfs the fire elemental.
The fire elemental completely resists.
The fiery explosion engulfs the hell hound.
The hell hound completely resists.
The hell hound barks!
The fiery explosion engulfs the hell hound.
The hell hound completely resists.
The fiery explosion engulfs you!!
* * * LOW HITPOINT WARNING * * *
The fiery explosion engulfs your wolf.
Your fulminant prism crackles loudly.
The deep elf pyromancer casts a spell.
Send 'em back where they came from!
Your wolf shudders.
Unknown command.
You are engulfed in blazing flames.
You die...

.........######.# #.....
..........>.#...###.....
.....^....................
##.###.........#.#####.....
.................# ##..... .(
..#.#°○.......### #..#### ...
..e..#E###...# #..#...
....###..°E§§...#######..#.+#
........C.§h@.....(......#.#.
#..E.h§h.#.#####....#.#.
##.h*.#####..}.......#.#.
#..R...#####.##......'.#.
#....###...###..#......#.#.
h..☼.☼ ###..# #.#<.....#.#.
.○..○○. ##.###........#.#.
○..°... #...##.......#.+#
.☼☼h... ###..........#...


You could see Azrael (slow, ally target), a cyclops (struggling), a deep elf
pyromancer, 3 fire elementals, 3 hell hounds, a friendly wolf (summoned,
sheltered, slow, struggling) and a friendly fulminant prism (sheltered).

Vanquished Creatures
  Josephine (D:12)
  Erolcha (D:11)
  2 hydras (Lair:3)
  3 two-headed ogres
  5 orc high priests (Orc:2)
  A lindwurm (Lair:1)
  2 deep elf pyromancers
  4 orc sorcerers (Orc:2)
  An ugly thing (D:12)
  4 cyclopes
  2 manticores (Lair:4)
  Maurice (Orc:2)
  5 elephants (Lair:2)
  2 torpor snails
  4 black mambas
  2 gargoyles (D:10)
  10 cane toads
  A kobold demonologist (D:11)
  9 komodo dragons
  6 rime drakes
  3 guardian mummies (D:13)
  5 trolls
  2 polar bears
  A tyrant leech (Lair:3)
  4 blink frogs (Lair:4)
  6 slime creatures
  2 dream sheep (Lair:3)
  3 shadows
  7 wraiths
  45 yaks
  A fire elemental (D:13)
  A vampire (D:12)
  2 wyverns (D:9)
  4 basilisks
  4 wargs
  4 vampire mosquitoes (D:11)
  2 acid dragons
  15 water moccasins
  A hell hound (D:13)
  15 orc warriors
  3 necrophages
  2 black bears
  7 centaurs
  25 wolves
  6 ogres
  A phantom (D:6)
  4 kobold brigands (D:11)
  5 gnoll sergeants
  12 bullfrogs
  A scorpion (D:7)
  A wyvern zombie (D:8)
  A water moccasin zombie (D:6)
  2 electric eels (Lair:3)
  11 wights
  A bullfrog zombie (D:6)
  3 howler monkeys
  5 centaur zombies
  23 orc priests
  7 hounds
  6 jellies
  3 gnoll shamans
  A bullfrog skeleton (D:6)
  A centaur skeleton (D:6)
  Natasha (thrice) (D:3)
  3 iguanas (D:5)
  24 orc wizards
  4 mummies (D:13)
  4 howler monkey zombies
  37 gnolls
  6 adders
  A howler monkey skeleton (D:3)
  4 river rats (Sewer)
  A shadow imp (D:7)
  A white imp (D:6)
  An adder skeleton (D:4)
  3 worms
  A dart slug (D:1)
  51 orcs
  10 ball pythons
  3 bats
  10 endoplasms
  3 giant cockroaches (D:2)
  8 goblins
  6 hobgoblins
  14 jackals
  3 quokkas
  5 frilled lizards (Sewer)
  5 kobolds
  11 rats
  A foxfire (Lair:1)
  2 fulminant prisms (Lair:1)
549 creatures vanquished.

Vanquished Creatures (collateral kills)
  A hydra (Lair:5)
  2 catoblepae (Lair:4)
  A polar bear (Lair:4)
  A guardian mummy (D:13)
  A troll (Orc:2)
  2 orc priests (Orc:2)
  An orc wizard (Orc:2)
  A gnoll (D:12)
10 creatures vanquished.

Vanquished Creatures (others)
  A rime drake (Lair:3)
  2 dream sheep (Lair:3)
  A yak (Lair:3)
  A centaur (D:11)
  2 bullfrogs (Lair:3)
  755 foxfires
  34 fulminant prisms
  25 fungi
  61 plants
  8 withered plants (Lair:6)
890 creatures vanquished.

Grand Total: 1449 creatures vanquished

Notes
Turn   | Place    | Note
-------+----------+-------------------------------------------
     0 | D:1      | DemonSlayer the Demonspawn Fire Elementalist began the
                  | quest for the Orb.
     0 | D:1      | Reached XP level 1. HP: 13/13 MP: 3/3
   219 | D:1      | Gained mutation: A meltable shield of frost defends you.
                  | (SH +0) [demonic ancestry]
   219 | D:1      | Reached XP level 2. HP: 19/19 MP: 0/5
   757 | D:1      | Found a faded altar of an unknown god.
  1191 | D:1      | Learned a level 2 spell: Scorch
  1227 | D:2      | Found a shadowy altar of Dithmenos.
  1273 | D:2      | Reached XP level 3. HP: 24/24 MP: 2/6
  1727 | D:2      | Found Qaosyuck's Jewellery Emporium.
  1742 | D:2      | Identified the +7 dagger of Fuasolant {vamp, rN+ Int+2}
  1862 | D:2      | Found the -2 hat of the Alchemist {rElec rPois rF+ rC+ rN+
                  | Will+ rMut rCorr}
  1897 | D:2      | Learned a level 3 spell: Conjure Flame
  1963 | D:3      | Found a glowing drain.
  2095 | Sewer    | Entered a sewer
  2200 | Sewer    | Gained mutation: You have a pair of small antennae on your
                  | head. [demonic ancestry]
  2200 | Sewer    | Reached XP level 4. HP: 30/30 MP: 1/7
  2319 | Sewer    | Reached skill level 1 in Short Blades
  2677 | Sewer    | Reached XP level 5. HP: 35/35 MP: 1/9
  2885 | Sewer    | Reached skill level 3 in Spellcasting
  2962 | Sewer    | Found a viscous altar of Jiyva.
  3211 | D:3      | Noticed Natasha
  3215 | D:3      | Killed Natasha
  3216 | D:3      | Reached XP level 6. HP: 38/41 MP: 9/11
  3311 | D:3      | Found a radiant altar of Vehumet.
  3468 | D:3      | Learned a level 4 spell: Flame Wave
  3581 | D:3      | Noticed Natasha
  3598 | D:3      | Killed Natasha
  3601 | D:3      | Noticed Natasha
  3629 | D:3      | Killed Natasha
  5073 | D:4      | Found a staircase to the Ecumenical Temple.
  5083 | Temple   | Entered the Ecumenical Temple
  5130 | Temple   | Became a worshipper of Cheibriados the Contemplative
  5212 | D:5      | Entered Level 5 of the Dungeon
  5227 | D:5      | Reached skill level 4 in Spellcasting
  5356 | D:5      | Noticed a troll
  5371 | D:5      | Killed a troll
  5372 | D:5      | Gained mutation: A meltable icy envelope protects you from
                  | harm. (AC +0) [demonic ancestry]
  5372 | D:5      | Reached XP level 7. HP: 47/47 MP: 2/14
  6175 | D:5      | Found an ancient bone altar of Kikubaaqudgha.
  6233 | D:5      | Reached * piety under Cheibriados
  6237 | D:5      | Found a sparkling altar of Nemelex Xobeh.
  6241 | D:5      | Found a stormy altar of Qazlal.
  6507 | D:5      | Reached skill level 5 in Spellcasting
  6691 | D:5      | Learned a level 2 spell: Ensorcelled Hibernation
  6749 | D:6      | Reached skill level 5 in Fire Magic
  6749 | D:6      | Reached XP level 8. HP: 52/53 MP: 8/15
  6756 | D:6      | Reached skill level 1 in Armour
  6778 | D:6      | Reached skill level 1 in Shields
  6993 | D:5      | Reached skill level 6 in Spellcasting
  8842 | D:6      | Reached ** piety under Cheibriados
  9129 | D:7      | Reached XP level 9. HP: 58/58 MP: 12/19
  9363 | D:7      | Reached skill level 7 in Spellcasting
 10348 | D:8      | Reached *** piety under Cheibriados
 10484 | D:8      | Reached skill level 1 in Fighting
 11330 | D:8      | Reached **** piety under Cheibriados
 11565 | D:8      | Got the Tome of Harmful Moulding
 11643 | D:8      | Reached skill level 8 in Spellcasting
 11736 | D:8      | Noticed a rime drake
 11747 | D:8      | Noticed a rime drake
 11748 | D:8      | Killed a rime drake
 11749 | D:8      | Gained mutation: A weak demonic guardian rushes to your
                  | aid. [demonic ancestry]
 11749 | D:8      | Reached XP level 10. HP: 47/66 MP: 15/22
 11815 | D:8      | Found the +4 skin of Zhor {*Englaciate rC+++ SInv}
 12030 | D:8      | Learned a level 4 spell: Fulminant Prism
 12035 | D:8      | Learned a level 4 spell: Airstrike
 12040 | D:8      | Learned a level 4 spell: Leda's Liquefaction
 12750 | D:9      | Reached skill level 9 in Spellcasting
 12914 | D:9      | Reached skill level 1 in Throwing
 12987 | D:9      | Found a staircase to the Lair.
 13146 | D:9      | Noticed a wizard
 13156 | D:9      | Found a transporter.
 13156 | D:9      | Found a one-way gate to the infinite horrors of the Abyss.
 13156 | D:9      | Noticed ratmagoo's ghost (journeyman GrEE)
 13182 | D:9      | Noticed a skeletal warrior
 13184 | D:9      | Noticed a toenail golem
 13386 | D:9      | Found a transporter.
 13546 | D:9      | Learned a level 3 spell: Summon Guardian Golem
 13555 | Lair:1   | Entered Level 1 of the Lair of Beasts
 13555 | Lair:1   | Noticed a cane toad
 13561 | Lair:1   | Killed a cane toad
 13562 | Lair:1   | Reached skill level 1 in Hexes
 13586 | Lair:1   | Noticed a black mamba
 13592 | Lair:1   | Killed a black mamba
 13944 | Lair:1   | Noticed a black mamba
 13948 | Lair:1   | Killed a black mamba
 13949 | Lair:1   | Gained mutation: You have a pair of antennae on your head.
                  | [demonic ancestry]
 13949 | Lair:1   | Reached XP level 11. HP: 72/72 MP: 15/24
 13980 | Lair:1   | Reached skill level 5 in Conjurations
 14194 | Lair:1   | Noticed a lindwurm
 14876 | Lair:1   | Reached skill level 10 in Spellcasting
 15060 | Lair:1   | You fall into a shaft and drop 1 floor!
 15067 | Lair:2   | Found a staircase to the Snake Pit.
 15078 | Lair:2   | Reached skill level 1 in Evocations
 15211 | Lair:2   | Reached skill level 5 in Stealth
 15579 | Lair:1   | Reached ***** piety under Cheibriados
 15990 | Lair:1   | Identified the +3 war axe "Meuwyrgh" {vorpal, rElec rF-
                  | Int+5 Dex-3}
 16471 | Lair:1   | Killed a lindwurm
 16638 | Lair:1   | Learned a level 3 spell: Call Canine Familiar
 16730 | Lair:2   | Reached skill level 1 in Summonings
 16771 | Lair:2   | Reached skill level 1 in Air Magic
 17532 | Lair:3   | Reached skill level 11 in Spellcasting
 17692 | Lair:3   | Got the Reference Book on the Rocks
 17700 | Lair:3   | Noticed a five-headed hydra
 17713 | Lair:3   | Noticed a seven-headed hydra
 17978 | Lair:3   | Killed a five-headed hydra
 17979 | Lair:3   | Gained mutation: You have an unusually large brain. (Int
                  | +2) [demonic ancestry]
 17979 | Lair:3   | Reached XP level 12. HP: 62/80 MP: 18/27
 18153 | Lair:3   | Reached skill level 10 in Fire Magic
 18248 | Lair:3   | Killed a seven-headed hydra
 18460 | Lair:3   | Found a staircase to the Swamp.
 18959 | Lair:3   | Reached skill level 1 in Earth Magic
 19167 | Lair:3   | Learned a level 3 spell: Stone Arrow
 19478 | D:2      | Bought the amulet of Xoneux {Acrobat rF- Will+ Regen+ Str+5
                  | SInv} for 653 gold pieces
 19933 | D:10     | Entered Level 10 of the Dungeon
 19980 | D:10     | Noticed a two-headed ogre
 19987 | D:10     | Killed a two-headed ogre
 20016 | D:10     | Noticed a two-headed ogre
 20023 | D:10     | Killed a two-headed ogre
 20204 | D:10     | Found a staircase to the Orcish Mines.
 20405 | D:10     | Found a snail-covered altar of Cheibriados.
 20407 | D:10     | Found a sparkling altar of Nemelex Xobeh.
 20407 | D:10     | Found an ancient bone altar of Kikubaaqudgha.
 20409 | D:10     | Found a shimmering altar of Xom.
 20409 | D:10     | Found an ancient bone altar of Kikubaaqudgha.
 20409 | D:10     | Found a radiant altar of Vehumet.
 20559 | D:10     | Identified the +0 robe of Lies {Str+5}
 21218 | D:11     | Noticed a two-headed ogre
 21223 | D:11     | Killed a two-headed ogre
 21619 | D:11     | Reached skill level 12 in Spellcasting
 21802 | D:11     | Noticed a five-headed hydra
 22626 | D:11     | Noticed Erolcha
 22634 | D:11     | Killed Erolcha
 22876 | D:11     | Learned a level 1 spell: Foxfire
 23006 | Orc:1    | Entered Level 1 of the Orcish Mines
 23544 | Orc:1    | Reached ****** piety under Cheibriados
 23665 | Orc:1    | Found an iron altar of Okawaru.
 23686 | Orc:1    | Found Benerr's Magic Scroll Emporium.
 23692 | Orc:1    | Bought a scroll of blinking for 82 gold pieces
 23692 | Orc:1    | Bought a scroll of enchant weapon for 82 gold pieces
 23692 | Orc:1    | Bought a scroll of teleportation for 33 gold pieces
 23692 | Orc:1    | Bought a scroll of teleportation for 33 gold pieces
 23828 | Orc:1    | Found Hoydub's Weapon Shoppe.
 24011 | Orc:1    | Found Utecs's Assorted Antiques.
 24019 | Orc:1    | Bought a lumpy white potion for 29 gold pieces
 24019 | Orc:1    | Bought a scroll labelled HEUXKO LEWON for 33 gold pieces
 24070 | Orc:1    | Gained mutation: A demonic guardian rushes to your aid.
                  | [demonic ancestry]
 24070 | Orc:1    | Reached XP level 13. HP: 85/85 MP: 16/29
 24343 | Orc:1    | Learned a level 4 spell: Anguish
 24367 | Orc:2    | Entered Level 2 of the Orcish Mines
 25098 | Orc:2    | Noticed Maurice
 25108 | Orc:2    | Killed Maurice
 25402 | Orc:2    | Found a staircase to the Elven Halls.
 26361 | Orc:2    | Reached skill level 5 in Dodging
 26808 | Orc:2    | Found Cosas's Antique Weapon Emporium.
 26808 | Orc:2    | Found Toih's Book Shoppe.
 26809 | Orc:2    | Found Fiocev's General Store.
 26813 | Orc:2    | Found Offuf's Book Emporium.
 26818 | Orc:2    | Bought 2 scrolls of teleportation for 96 gold pieces
 27022 | Orc:2    | Reached skill level 13 in Spellcasting
 28940 | Lair:4   | Reached skill level 1 in Necromancy
 31144 | Lair:5   | Gained mutation: You have an extremely huge brain. (Int +4)
                  | [demonic ancestry]
 31144 | Lair:5   | Reached XP level 14. HP: 93/93 MP: 24/31
 31680 | Lair:5   | Found a staircase to the Slime Pits.
 31894 | Lair:5   | Identified the +1 robe of Courage {-Cast rPois Will+}
 32070 | Lair:6   | Entered Level 6 of the Lair of Beasts
 32425 | D:12     | Reached skill level 5 in Earth Magic
 33167 | D:12     | Noticed Josephine
 33176 | D:12     | Killed Josephine
 34134 | D:13     | Noticed a reaper
 34134 | D:13     | Noticed a reaper
 34134 | D:13     | Noticed a reaper
 34134 | D:13     | Noticed a reaper
 34135 | D:13     | Noticed a reaper
 34395 | D:13     | Found a runed translucent door.
 34396 | D:13     | Found a shimmering altar of Xom.
 34396 | D:13     | Noticed Poefus's ghost (journeyman OgCj)
 34564 | D:13     | Reached skill level 14 in Spellcasting
 34694 | D:13     | Noticed Azrael
 34704 | D:13     | Engulfed by their own flame

Illustrated notes

Levels and vault maps discovered:
D:1:      dpeg_arrival_connections, layout_basic,
          dreamdust_ecumenical_altar_angels_and_demons
D:2:      layout_rooms, serial_shops, shop_coins, basic_altar
D:3:      layout_basic, mainiacjoe_overflow_24_doors,
          cheibrodos_sewer_entry_bend, uniq_natasha
D:4:      layout_rooms, kennysheep_mini_moat, mainiacjoe_overflow_cross_hatched,
          minmay_temple_entry_fiery, kennysheep_generic_room_9
D:5:      layout_basic, nicolae_overflow_squiral, nicolae_overflow_crystal_walls
D:6:      layout_rooms
D:7:      layout_gridville
D:8:      layout_cave_pools, serial_gnoll_camp, gnoll_camp_mini_basic,
          gnoll_camp_mini_house, gnoll_camp_mini_doghouse, gnoll_camp_medium_02,
          gnoll_camp_mini_loothouse, hellmonk_guarded_unrand_zhor
D:9:      layout_rooms, erik_lair_dragon, gammafunk_ghost_abyssal_escape
D:10:     layout_stronghold, doesnt_xom_only_xom, orc_0_dummy
D:11:     layout_basic, uniq_erolcha
D:12:     layout_irregular_city, uniq_josephine
D:13:     layout_rooms, erik_vaults_1, ebering_ghost_xom,
          minmay_guarded_unrand_curses, uniq_azrael
Temple:   eino_wide_crystal_templ
Lair:1:   layout_regular_city, nicolae_volcano_entry_vermiform,
          lemuel_fruit_tree, serial_bayou_shore_b
Lair:2:   layout_roguey, dummy_snake_entry, serial_bayou_pond_c,
          infiniplex_staircase_pool_2
Lair:3:   layout_roguey, minmay_swamp_entry_worms, beast_lair_carwin_2,
          serial_bayou_shore_a, grunt_megastairs_5
Lair:4:   nzn_motion_control, layout_concentric_octagons, grunt_megastairs_4
Lair:5:   layout_small_grid, nicolae_slime_entry_slimehenge
Lair:6:   due_jungle_book, layout_regular_city, basic_altar
Orc:1:    layout_diamond_mine, serial_shops, nicolae_shop_bloodbath_and_beyond,
          shop_fountains, nicolae_shop_advertising_works
          [nicolae_subvault_shop_adworks], okawaru_metal_pillars_1_2
Orc:2:    st_orc_mages, layout_caves, uniq_maurice

Skill      XL: |  1  2  3  4  5  6  7  8  9 10 11 12 13 14 |
---------------+-------------------------------------------+-----
Dodging        | 2 3 4 5 |  5.8
Fire Magic     | 3 4 5 6 7 9 11 | 11.3
Stealth        | 2 3 4 5 |  5.8
Short Blades   | 1 2 3 4 |  4.5
Conjurations   | 3 4 5 6 7 8 |  8.4
Spellcasting   | 3 4 5 6 8 9 11 12 13 14 | 14.0
Armour         | 1 2 |  2.2
Shields        | 1 2 3 4 |  4.1
Fighting       | 1 2 3 |  3.9
Throwing       | 1 |  1.7
Hexes          | 1 2 3 |  3.3
Evocations     | 1 |  1.1
Summonings     | 2 |  2.3
Air Magic      | 1 2 |  2.4
Earth Magic    | 2 4 5 |  5.7
Necromancy     | 1 |  1.7
Long Blades    | |  0.8
Unarmed Combat | |  0.1
Invocations    | |  0.6

Action                   |  1- 3 |  4- 6 |  7- 9 | 10-12 | 13-15 || total
-------------------------+-------+-------+-------+-------+-------++-------
Melee: Unarmed           |    10 |       |       |       |       ||    10
       Short sword       |    16 |       |       |       |       ||    16
       Dagger            |     3 |    37 |    48 |   178 |   198 ||   464
       Punch             |       |       |       |    10 |       ||    10
       Falchion          |       |       |       |       |    24 ||    24
Throw: Throwing net      |       |       |     4 |    11 |     1 ||    16
 Cast: Foxfire           |    89 |   132 |    51 |   144 |    18 ||   434
       Scorch            |       |    21 |   141 |   148 |    43 ||   353
       Conjure Flame     |       |     1 |       |     5 |       ||     6
       Fulminant Prism   |       |       |       |    28 |     9 ||    37
       Leda's Liquefacti |       |       |       |    11 |     8 ||    19
       Summon Guardian G |       |       |       |     7 |     4 ||    11
       Airstrike         |       |       |       |    10 |    23 ||    33
       Call Canine Famil |       |       |       |     1 |     2 ||     3
       Stone Arrow       |       |       |       |    98 |   306 ||   404
       Anguish           |       |       |       |       |     6 ||     6
       Ensorcelled Hiber |       |       |       |       |     1 ||     1
Invok: Bend Time         |       |       |       |     1 |     1 ||     2
Evoke: Wand              |       |     3 |       |    14 |     5 ||    22
  Use: Scroll            |     4 |     5 |     1 |    24 |     6 ||    40
       Potion            |       |     4 |     1 |     4 |     6 ||    15
 Stab: Sleeping          |     2 |     6 |     5 |     9 |     4 ||    26
       Held in net/web   |       |       |       |     2 |       ||     2
       Distracted        |       |       |       |       |     1 ||     1
Armor: Robe              |     7 |     4 |       |       |       ||    11
       Troll leather arm |       |       |    43 |       |       ||    43
       Animal skin       |       |       |       |    66 |    97 ||   163
Dodge: Dodged            |    16 |    14 |    96 |   169 |   275 ||   570
Block: Other             |     4 |    24 |    73 |    72 |    60 ||   233
       Reflection        |       |     3 |     3 |       |       ||     6
